 Dungeon Crawl Stone Soup version 0.32-a0-779-g362cfcae2a (webtiles) character file.

Game seed: 9807670190665248063

115 zenocrate the Digger (level 5, -2/31 HPs)
             Began as an Octopode Earth Elementalist on Mar 19, 2024.
             Slain by an orc
             ... wielding a +0 morningstar
              (14 damage)
             ... on level 3 of the Dungeon.
             The game lasted 00:03:40 (1981 turns).

zenocrate the Digger (Octopode Earth Elementalist)  Turns: 1981, Time: 00:03:40

Health: -2/31      AC:  1    Str:  9    XL:     5   Next: 0%
Magic:  13/17      EV: 12    Int: 24    God:
Gold:   103        SH:  0    Dex: 12    Spells: 4/8 levels left

rFire   . .          .
                       - Unarmed
rCold   . . .        (no shield)
rNeg    . . .        (helmet restricted)
rPois   .            l - amulet of the acrobat
rElec   .            e - +6 ring of intelligence
rCorr   .            o - ring of magical power
SInv    .            (no ring)
Will    .....        (no ring)
Stlth   +++          (no ring)
HPRegen 0.25/turn    (no ring)
MPRegen 0.15/turn    (no ring)
                     (no ring)

%: acrobat
@: no status effects
A: almost no armour, amphibious, 8 rings, camouflage 1, gelatinous body 1,
(nimble swimmer 1), tentacles
a: no special abilities


You were on level 3 of the Dungeon.
You visited 1 branch of the dungeon, and saw 3 of its levels.

You collected 103 gold pieces.

Inventory:

Jewellery
 e - a +6 ring of intelligence (left tentacle)
 l - an amulet of the acrobat (around mantle)
 o - a ring of magical power (right tentacle)
Scrolls
 b - 2 scrolls of enchant weapon {unknown}
 c - a scroll of enchant armour {unknown}
 f - a scroll of immolation {unknown}
 g - 2 scrolls of teleportation {unknown}
 h - 2 scrolls of revelation {unknown}
 j - 2 scrolls of identify {unknown}
Potions
 a - a potion of magic
 d - a potion of curing
 i - a potion of cancellation {unknown}
 k - a potion of mutation {unknown}
 m - a potion of attraction {unknown}
 n - a potion of brilliance {unknown}
 p - a potion of ambrosia {unknown}
 q - 2 potions of heal wounds {unknown}


   Skills:
 - Level 2.0 Dodging
 - Level 2.6 Stealth
 + Level 3.6 Unarmed Combat
 - Level 2.0 Spellcasting
 - Level 1.0 Conjurations
 + Level 3.9 Earth Magic


You had 4 spell levels left.
You knew the following spells:

 Your Spells              Type           Power      Damage    Failure   Level
a - Sandblast             Erth           42%        2d11      2%          1
b - Stone Arrow           Conj/Erth      28%        3d8       13%         3

Your spell library contained the following spells:

 Spells                   Type           Power      Damage    Failure   Level
 Passwall                 Erth           21%        N/A       7%          3
 Call Imp                 Summ           4%         N/A       19%         2
 Sublimation of Blood     Necr           2%         N/A       19%         2
 Tukima's Dance           Hex            2%         N/A       34%         3
 Brom's Barrelling Bould  Conj/Erth      14%        2d4       41%         4
 Petrify                  Alch/Erth      11%        N/A       47%         4
 Passage of Golubria      Tloc           2%         N/A       75%         4
 Yara's Violent Unravell  Hex/Alch       1%         3d3       97%         5
 Summon Hydra             Summ           1%         N/A       100%        7


Dungeon Overview and Level Annotations

Branches:
Dungeon (3/15)

Altars:
Makhleb

Shops:
D:2 !


Innate Abilities, Weirdness & Mutations

You cannot wear most types of armour.
You are amphibious.
You can wear up to eight rings at the same time.
Your skin changes colour to match your surroundings (Stealth+).
Your rubbery body absorbs attacks. (AC +1, EV +1)
((You are camouflaged when in or above water. (Stealth+)))
You have tentacles for arms and can constrict up to eight enemies at once.


Message History

Press: ? - help, Shift-Dir - straight line, f - orc
Aim: an orc, wielding a +0 hand axe and quivering boomerangs (83% to hit)
The blast of sand hits the orc!
You kill the orc!
Unknown command.
You closely miss the orc. Your grab misses the orc.
The orc hits you with a +0 hand axe.
* * * LOW HITPOINT WARNING * * *
Unknown command.
Unknown command.
It was a potion of curing.
You feel better. The orc hits you with a +0 hand axe.
Casting: Sandblast (safe; 2% risk of failure)
Confirm with . or Enter, or press ? or * to list all spells.
Aiming: Sandblast (safe; 2% risk of failure)
Press: ? - help, Shift-Dir - straight line, f - orc
Aim: an orc, wielding a +0 hand axe and wearing a +0 leather armour (83% to hit)
The blast of sand hits the orc but does no damage.
The orc barely misses you.
Unknown command.
Unknown command.
You barely miss the orc. Your grab misses the orc. The orc closely misses you.
Unknown command.
You tentacle-slap the orc. Your grab misses the orc.
Your squeeze misses the orc.
The orc is severely wounded.
The orc hits you with a +0 hand axe.
Unknown command.
Casting: Sandblast (safe; 2% risk of failure)
Confirm with . or Enter, or press ? or * to list all spells.
Aiming: Sandblast (safe; 2% risk of failure)
Press: ? - help, Shift-Dir - straight line, f/p - orc
Aim: an orc, wielding a +0 hand axe and wearing a +0 leather armour (severely wounded, 83% to hit)
The blast of sand hits the orc.
You kill the orc!
You have reached level 5!
You feel clever.
You closely miss the orc. You grab the orc. You constrict the orc.
The orc hits you with a +0 morningstar!
You die...

#.###..# #..#
#.#( #
#.###..###
..####...
#.###.........
.........
#..........###
#.#######
#..##..#####
#.
###......###
#. #####
#.........o#
#.###.)..
#.##.##o##o#
#.)...... #
#...o.#@#
#####.##>
#..o..#.#
#.###
#......o....
#.#
.........#.##
#.#
#..#.....#.#
#.# #
#.?##.####.#
#.# # #. ..
#.# #.### #.#
... #.##.
#....


You could see 2 orcs.

Vanquished Creatures
  Robin (D:2)
  2 adders (D:2)
  A ribbon worm (D:2)
  2 dart slugs (D:1)
  3 orcs (D:3)
  10 bats
  4 endoplasms
  A giant cockroach (D:2)
  15 goblins
  5 hobgoblins
  2 jackals (D:2)
  3 quokkas
  5 ball pythons
  3 frilled lizards
  9 kobolds
  5 rats
  A spectral goblin (D:2)
72 creatures vanquished.

Notes
Turn   | Place    | Note
-------+----------+-------------------------------------------
     0 | D:1      | zenocrate the Octopode Earth Elementalist began the quest
                  | for the Orb.
     0 | D:1      | Reached XP level 1. HP: 11/11 MP: 3/3
   129 | D:1      | Reached skill level 1 in Unarmed Combat
   249 | D:1      | Reached XP level 2. HP: 14/17 MP: 1/5
   468 | D:1      | Reached XP level 3. HP: 21/21 MP: 6/6
   472 | D:1      | Learned a level 3 spell: Stone Arrow
   916 | D:2      | Found Toummawk's Distillery.
  1008 | D:2      | Found a faded altar of an unknown god.
  1051 | D:2      | Noticed Robin
  1254 | D:2      | Reached XP level 4. HP: 27/27 MP: 5/7
  1369 | D:2      | Killed Robin
  1600 | D:3      | Found a burning altar of Makhleb.
  1981 | D:3      | Reached XP level 5. HP: 11/31 MP: 8/8
  1981 | D:3      | Slain by an orc

Illustrated notes

Levels and vault maps discovered:
D:1:      orjb1_clovarrival, layout_basic, minmay_cut_off
D:2:      layout_rooms, serial_shops, nicolae_shop_stone,
          dreamdust_ecumenical_altar_drowned_temple, uniq_robin
D:3:      layout_loops_ring, mainiacjoe_overflow_six_doors_small

Skill      XL: |  1  2  3 |
---------------+----------+-----
Unarmed Combat | 1 2 3 |  3.6
Dodging        | |  2.0
Stealth        | |  2.6
Spellcasting   | |  2.0
Conjurations   | |  1.0
Earth Magic    | |  3.9

Action                     |  1- 3 |  4- 6 || total
---------------------------+-------+-------++-------
  Melee: Unarmed           |    58 |    55 ||   113
         Constrict         |    17 |    18 ||    35
         Tentacles         |    17 |    15 ||    32
         Punch             |     2 |       ||     2
   Cast: Sandblast         |    13 |     5 ||    18
    Use: Potion            |       |     1 ||     1
   Stab: Sleeping          |     5 |     5 ||    10
 Armour: Skin              |    39 |    22 ||    61
  Dodge: Dodged            |    49 |    40 ||    89

Table legend: (Time is in decaauts)
 A = Elapsed time spent in this place.
 B = Non-inter-level travel time spent in this place.
 C = Inter-level travel time spent in this place.
 D = Time resting spent in this place.
 E = Time spent auto-exploring this place.
 F = Levels seen in this place.
 G = Mean time per level.
                   A        B        C        D        E       F      G
               +--------+--------+--------+--------+--------+-----+--------+
         Total |   1982 |   1902 |     80 |      0 |   1467 |   3 |  660.7 |
       Dungeon |   1982 |   1902 |     80 |      0 |   1467 |   3 |  660.7 |
               +--------+--------+--------+--------+--------+-----+--------+

Top non-repeatable levels by time:
     D:1: 926 daAuts
     D:2: 650 daAuts
     D:3: 405 daAuts
